 Dungeon Crawl Stone Soup version 0.22-a0-136-g83a10e5 (webtiles) character file.

102 mhoghedin the Chiller (level 4, -4/33 HPs)
             Began as a Ghoul Ice Elementalist on Feb 3, 2018.
             Killed from afar by an orc wizard (8 damage)
             ... with a magic dart
             ... on level 3 of the Dungeon.
             The game lasted 00:05:58 (2296 turns).

mhoghedin the Chiller (Ghoul Ice Elementalist)      Turns: 2296, Time: 00:05:59

Health: -4/33      AC:  2    Str: 11    XL:     4   Next: 77%
Magic:  1/7        EV: 12    Int: 11    God:
Gold:   39         SH:  0    Dex:  9    Spells: 4/8 levels left

rFire    . . .     SeeInvis .   f - +0 club
rCold    + . .     Gourm    .   (no shield)
rNeg     + + +     Faith    .   a - +0 robe
rPois    ∞         Spirit   .   (no helmet)
rElec    .         Reflect  .   (no cloak)
rCorr    .         Harm     .   (no gloves)
MR       .....                  (no boots)
Stlth    ++........             (no amulet)
HPRegen  0.00/turn              (no ring)
MPRegen  0.10/turn              (no ring)

@: very slightly contaminated, rotting
A: rotting body, claws 1, carnivore, cold resistance 1, negative energy
resistance 3, inhibited regeneration, torment resistance, unbreathing
a: no special abilities


You were on level 3 of the Dungeon.
You were not hungry.

You visited 1 branch of the dungeon, and saw 3 of its levels.

You collected 39 gold pieces.

Inventory:

Hand Weapons
 f - a +0 club (weapon)
   (You took it off a goblin on level 1 of the Dungeon)
Armour
 a - a +0 robe (worn)
 i - a +0 cloak
   (You found it on level 1 of the Dungeon)
Scrolls
 g - 2 scrolls of teleportation {unknown}
 h - a scroll of blinking {unknown}
 j - a scroll of amnesia
 o - a scroll of identify
Potions
 d - a potion of haste {unknown}
 l - a potion of degeneration {unknown}
 m - a potion of berserk rage {unknown}
 n - 2 potions of lignification {unknown}
Books
 b - a book of Frost
Comestibles
 c - 4 rations


   Skills:
 - Level 1.7 Dodging
 - Level 2.1 Stealth
 + Level 2.9 Spellcasting
   Level 0.7 Conjurations
 - Level 1.0 Charms
 + Level 4.7 Ice Magic


You had 4 spell levels left.
You knew the following spells:

 Your Spells              Type           Power        Failure   Level  Hunger
a - Freeze                Ice            ##..         3%          1    #......
A - Ozocubu's Armour      Chrm/Ice       #.......     24%         3    ###....


Dungeon Overview and Level Annotations

Branches:
Dungeon (3/15)

Altars:


Innate Abilities, Weirdness & Mutations

Your body is rotting away.
You thrive on raw meat.
You are immune to poison.
You have sharp fingernails.
You are carnivorous and can eat meat at any time.
Your flesh is cold resistant. (rC+)
You are immune to negative energy. (rN+++)
You do not regenerate when monsters are visible.
You are immune to unholy pain and torment.
You can survive without breathing.


Message History

Done exploring.
Health restored: 31; MP restored: 7 Done exploring.
Done exploring.
(D) Dungeon
Where to? (Enter - D:2, ? - help)
There is a stone staircase leading down here.
You climb downwards.
There is a stone staircase leading up here.
An orc wizard comes into view. It is wielding a dagger.
An orc comes into view. It is wielding a short sword.
The orc wizard shouts!
An orc comes into view. It is wielding a dagger.
The orc shouts!
The orc wizard casts a spell at you. The puff of flame hits you!
You take 4 damage, and have 27/31 hp.
Aim: an orc wizard, wielding a dagger and wearing a robe You freeze the orc wizard.
The orc wizard hits you with a dagger.
You take 3 damage, and have 24/31 hp.
You now have 6/7 mp.
Aim: an orc wizard, wielding a dagger and wearing a robe (moderately wounded)
You freeze the orc wizard.
You now have 5/7 mp.
Aim: an orc, wielding a short sword and wearing a leather armour You freeze the orc.
The orc wizard mumbles some strange words.
The orc wizard flickers and vanishes!
Deactivating autopickup; reactivate with Ctrl-A.
You now have 4/7 mp.
Aim: an orc, wielding a short sword and wearing a leather armour (moderately wounded)
You freeze the orc.
You kill the orc!
The orc throws a tomahawk.
The tomahawk hits you.
You take 2 damage, and have 22/31 hp.
You now have 3/7 mp.
You barely miss something.
The orc throws a tomahawk.
The tomahawk hits you but does no damage.
Something completely misses you.
The orc throws a tomahawk.
The tomahawk hits you.
You take 5 damage, and have 17/31 hp.
You can't see any susceptible monsters within range! (Use Z to cast anyway.) Sorry, you're not good enough to have a special ability.
You barely miss something. Something hits you.
You take 1 damage, and have 16/31 hp.
You can't see any susceptible monsters within range! (Use Z to cast anyway.)
You freeze something. Something hits you but does no damage.
The orc throws a tomahawk.
The tomahawk hits you.
You take 2 damage, and have 14/31 hp.
You now have 2/7 mp.
You can't see any susceptible monsters within range! (Use Z to cast anyway.)
You miscast Freeze.
You are very lightly contaminated with residual magic.
Wisps of condensation drift from your claws.
Something hits you.
The orc throws a tomahawk.
The tomahawk closely misses you.
You take 3 damage, and have 11/31 hp.
You now have 1/7 mp.
It was a potion of curing.
You feel better. Something hits you.
You regained 2 hp, and now have 13/33 hp.
You can't see any susceptible monsters within range! (Use Z to cast anyway.)
You miscast Freeze.
Nothing appears to happen.
You hear some strange, mumbled words.
A magic dart appears from out of thin air!
The magic dart hits you!
* * * LOW HITPOINT WARNING * * *
You take 5 damage, and have 8/33 hp.
You now have 1/7 mp.
You can't see any susceptible monsters within range! (Use Z to cast anyway.)
You freeze something.
You hear some strange, mumbled words.
A magic dart appears from out of thin air!
The magic dart hits you!
* * * LOW HITPOINT WARNING * * *
You take 7 damage, and have 1/33 hp.
MASSIVE DAMAGE!!
You now have 0/7 mp.
You feel better. Something hits you but does no damage.
You regained 5 hp, and now have 6/33 hp.
You feel much better. Something hits you.
You regained 12 hp, and now have 18/33 hp.
You don't have enough magic to cast that spell.
You hit something but do no damage. Something hits you.
You hear some strange, mumbled words.
A puff of frost appears from out of thin air!
The puff of frost hits you! You resist.
* * * LOW HITPOINT WARNING * * *
You take 10 damage, and have 8/33 hp.
MASSIVE DAMAGE!!
Unknown command.
Unknown command.
You miss something. Something hits you.
* * * LOW HITPOINT WARNING * * *
You take 2 damage, and have 6/33 hp.
You barely miss something. Something hits you.
* * * LOW HITPOINT WARNING * * *
You take 2 damage, and have 4/33 hp.
You miss something.
You hear some strange, mumbled words.
Something hits you but does no damage.
You completely miss something.
You hear some strange, mumbled words.
A magic dart appears from out of thin air!
The magic dart hits you!
You die...

#.# #.# #.#
#.# #.# #.#
#.#
#.#########
#(..@{o...#
#########.#


You could see an orc.

Vanquished Creatures
  A worker ant (D:2)
  2 adders (D:2)
  An ooze (D:1)
  A dart slug (D:1)
  2 leopard geckos
  An orc (D:3)
  6 bats
  3 giant cockroaches
  8 goblins
  4 hobgoblins
  5 kobolds (D:1)
  2 ball pythons (D:1)
  5 frilled lizards
  7 rats
48 creatures vanquished.

Notes
Turn   | Place    | Note
-------+----------+-------------------------------------------
     0 | D:1      | mhoghedin the Ghoul Ice Elementalist began the quest for the Orb.
     0 | D:1      | Reached XP level 1. HP: 14/14 MP: 2/2
   201 | D:1      | Reached skill level 2 in Spellcasting
   201 | D:1      | Reached XP level 2. HP: 13/20 MP: 0/4
   424 | D:1      | Reached skill level 4 in Ice Magic
   533 | D:1      | HP: 5/20 [kobold (2)]
   536 | D:1      | Reached XP level 3. HP: 10/26 MP: 0/5
   658 | D:1      | Learned a level 3 spell: Ozocubu's Armour
  1518 | D:2      | Reached skill level 1 in Charms
  1518 | D:2      | Reached XP level 4. HP: 23/30 MP: 2/6
  2288 | D:3      | HP: 8/33 [something/magic dart (5)]
  2289 | D:3      | HP: 1/33 [something/magic dart (7)]
  2294 | D:3      | HP: 4/33 [something (2)]
  2296 | D:3      | Killed from afar by an orc wizard

Vault maps used:
D:1:      dpeg_arrival_more_subterranean_lakeside_camping, minmay_pentomino_p4
D:2:      first_ration, serial_park_tiny_pond, hangedman_decor_points
D:3:      old_standard_altar

Skill      XL: |  1  2  3 |
---------------+----------+-----
Spellcasting   | 2 |  2.9
Ice Magic      | 4 |  4.7
Charms         | 1 |  1.0
Dodging        | |  1.7
Stealth        | |  2.1
Conjurations   | |  0.7

Action                   |  1- 3 |  4- 6 || total
-------------------------+-------+-------++-------
Melee: Unarmed           |     2 |       ||     2
       Club              |    75 |    29 ||   104
 Cast: Freeze            |    46 |    24 ||    70
       Ozocubu's Armour  |     1 |       ||     1
  Use: Scroll            |     4 |       ||     4
       Potion            |       |     3 ||     3
 Stab: Sleeping          |       |     1 ||     1
  Eat: Chunk             |     9 |     2 ||    11
Armor: Robe              |    47 |     8 ||    55
Dodge: Dodged            |    99 |    25 ||   124

Table legend:
 A = Spawn XP
 B = Non-spawn XP
 C = Spawn XP percentage of total XP
 D = Spawn monster count
 E = Non-spawn monster count
 F = Spawn count percentage of total count
 G = Total turns spent on level
                    A         B        C        D         E        F      G
               +---------+---------+-------+---------+---------+-------+---------
         Total |       0 |     146 |   0.0 |       0 |      48 |   0.0 |  2296
               +---------+---------+-------+---------+---------+-------+---------
           D:1 |       0 |      58 |   0.0 |       0 |      32 |   0.0 |  1262
           D:2 |       0 |      85 |   0.0 |       0 |      15 |   0.0 |   995
           D:3 |       0 |       3 |   0.0 |       0 |       1 |   0.0 |    39
               +---------+---------+-------+---------+---------+-------+---------

Vault maps used:
D:1:      dpeg_arrival_more_subterranean_lakeside_camping, minmay_pentomino_p4
D:2:      first_ration, serial_park_tiny_pond, hangedman_decor_points
D:3:      old_standard_altar

Table legend:
 A = Turns spent in this place as a percentage of turns spent in the entire game.
 B = Non-inter-level travel turns spent in this place as a percentage of non-inter-level travel turns spent in the entire game.
 C = Inter-level travel turns spent in this place as a percentage of turns spent in this place.
 D = Turns resting spent in this place as a percentage of non-inter-level travel turns spent in this place.
 E = Turns spent auto-exploring this place as a percentage of non-inter-level travel turns spent in this place.
 F = Non-inter-level travel turns spent in this place divided by the number of levels of this place that you've seen.
                   A       B       C       D       E      F
               +-------+-------+-------+-------+-------+----------------------
         Total | 100.0 | 100.0 |   2.3 |  32.8 |  44.4 | 748.0
       Dungeon | 100.0 | 100.0 |   2.3 |  32.8 |  44.4 | 748.0
               +-------+-------+-------+-------+-------+----------------------

Table legend:
 A = Kills in this place as a percentage of kills in entire the game.
 B = Kills by you in this place as a percentage of kills by you in the entire game.
 C = Kills by friends in this place as a percentage of kills by friends in the entire game.
 D = Other kills in this place as a percentage of other kills in the entire game.
 E = Experience gained in this place as a percentage of experience gained in the entire game.
 F = Experience gained in this place divided by the number of levels of this place that you have seen.
                   A       B       C       D       E      F
               +-------+-------+-------+-------+-------+----------------------
         Total | 100.0 | 100.0 |   N/A |   N/A | 100.0 |  48.7
       Dungeon | 100.0 | 100.0 |   N/A |   N/A | 100.0 |  48.7
               +-------+-------+-------+-------+-------+----------------------
